Cogmind - Beta 9.3 @@@ ROGUE MODE // 2019.12.23 @ 07:06:28 Player: alice_fexa Result: Destroyed by G-47 Trooper with Particle Gun Performance ------------- Evolutions (2) 1000 Regions Visited (5) 1000 Robots Destroyed (24) 120 Value Destroyed (673) 673 Prototype IDs (2) 40 Alien Tech Used (0) 0 Bonus (0) 0 TOTAL SCORE: 2833 Bonus ------- None Cogmind --------- Core Integrity 0/550 Matter 30/300 Energy 100/100 System Corruption 5% Temperature Cool (18) Movement Core (1100) Ox21 Location -8/Materials Parts ------- > --- POWER (1) -------- (None) > --- PROPULSION (3) --- (None) > --- UTILITY (5) ------ High-capacity Storage Unit High-capacity Storage Unit > --- WEAPON (2) ------- (None) > --- INVENTORY (20) --- Ion Engine Ion Engine Light Ion Engine Light Treads Advanced Treads Advanced Treads Advanced Treads High-capacity Storage Unit Hacking Suite Peak State ------------ > --- POWER ------------ Reinforced Ion Engine > --- PROPULSION ------- Light Treads Wheel Compact Wheel > --- UTILITY ---------- Improved Heat Sink High-capacity Storage Unit High-capacity Storage Unit Light Armor Plating > --- WEAPON ----------- Assault Rifle Light Cannon > --- INVENTORY -------- Ion Engine Ion Engine Light Ion Engine Light Treads Advanced Treads Wheel Heat Sink Heat Sink High-capacity Storage Unit Light Cannon [Rating: 14] Favorites ----------- Power Light Ion Engine Engine Light Ion Engine Power Core Light Nuclear Core Propulsion Light Treads Treads Light Treads Wheel Compact Wheel Utility High-capacity Storage Unit Device Heat Sink Storage High-capacity Storage Unit Processor Targeting Computer Protection Light Armor Plating Weapon Assault Rifle Energy Gun Particle Gun Ballistic Gun Assault Rifle Ballistic Cannon Light Cannon Build | -11 -10 -10 -10 -9 -8 ------- Run | Scr Mat Min Exi Min Mat Slots Evolved 4 | . . . . . 4 Power . | . . . . . . Propulsion 1 | . . . . . 1 Utility 3 | . . . . . 3 Weapon . | . . . . . . Parts Attached 37 | 6 15 . 1 6 9 Power 8 | 1 5 . . 1 1 Engine 7 | 1 5 . . 1 . Core 1 | . . . . . 1 Reactor . | . . . . . . Propulsion 9 | 2 2 . . 2 3 Treads 4 | 1 1 . . 1 1 Leg . | . . . . . . Wheel 5 | 1 1 . . 1 2 Hover . | . . . . . . Flight . | . . . . . . Utility 12 | 1 4 . 1 2 4 Device 5 | . 1 . . 2 2 Storage 5 | 1 2 . 1 . 1 Processor 1 | . 1 . . . . Hackware . | . . . . . . Protection 1 | . . . . . 1 Artifact . | . . . . . . Weapon 8 | 2 4 . . 1 1 Energy Gun 2 | 1 1 . . . . Energy Cannon . | . . . . . . Ballistic Gun 4 | 1 3 . . . . Ballistic Cannon 2 | . . . . 1 1 Launcher . | . . . . . . Special Weapon . | . . . . . . Impact Weapon . | . . . . . . Slashing Weapon . | . . . . . . Piercing Weapon . | . . . . . . Special Melee Weapon . | . . . . . . Unidentified Prototypes . | . . . . . . Parts Lost 15 | . 1 . . 2 12 Power 1 | . . . . . 1 Propulsion 6 | . 1 . . 1 4 Utility 4 | . . . . . 4 Weapon 4 | . . . . 1 3 Highest Loss Streak 4 | . 1 . . 2 4 Average Slot Usage (%) 94 | . 99 100 100 99 73 Engine 12 | . 14 14 14 14 5 Treads 12 | . 14 14 14 14 5 Wheel 13 | . 13 14 14 13 14 Device 8 | . 2 14 14 14 12 Storage 14 | . 14 14 14 14 18 Processor 4 | . 11 . . . . Energy Gun 5 | . 8 14 14 . . Ballistic Gun 14 | . 19 14 14 14 1 Ballistic Cannon 4 | . . . . 13 9 Naked Turns . | . . . . . . Heaviest Build 84 | 10 25 25 41 48 84 Greatest Support 26 | 16 16 10 10 20 26 Greatest Overweight (x) 21 | . 2 2 4 2 21 Average Overweight (x) 1 | . 1 2 2 2 2 Largest Inventory Capacity 20 | 6 10 10 12 12 20 Average Capacity 11 | 4 8 10 10 12 19 Most Carried 12 | 4 10 9 12 12 12 Average Carried 8 | 2 7 9 9 11 9 Final Capacity 20 | 6 10 10 12 12 20 Final Carried 12 | 4 9 9 9 12 9 Class Distribution -------------------- 80% | Mutant 16% | Hauler-Mutant Dominant Class ---------------- Mutant | -10/Materials Mutant | -10/Mines Mutant | -10/Exiles Mutant | -9/Mines Hauler-Mutant | -8/Materials Resources | -11 -10 -10 -10 -9 -8 ----------- Run | Scr Mat Min Exi Min Mat Matter Collected 744 | 260 218 . . 214 52 Remotely . | . . . . . . Salvage Created 609 | . 309 . . 248 52 Parts 54 | . 31 . . 20 3 Haulers Intercepted . | . . . . . . Recyclers Shooed . | . . . . . . Parts Field Recycled . | . . . . . . Retrieved Matter . | . . . . . . Parts Self-Destructed . | . . . . . . Prevented . | . . . . . . Kills | -11 -10 -10 -10 -9 -8 ------- Run | Scr Mat Min Exi Min Mat Combat Hostiles Destroyed 21 | . 12 . . 6 3 Melee 1 | . . . . . 1 Guns 15 | . 12 . . 3 . Cannons 5 | . . . . 3 2 Classes Destroyed 7 | . 2 . . 2 3 Tunneler 2 | . . . . 2 . Operator 1 | . . . . . 1 Swarmer 6 | . 6 . . . . Grunt 12 | . 6 . . 5 1 Brawler 1 | . . . . 1 . Sentry 1 | . . . . . 1 Hunter 1 | . . . . . 1 Best Kill Streak 6 | . 6 . . 4 2 Combat Bots Only 6 | . 6 . . 3 2 Max Kills in Single Turn 2 | . 2 . . 1 1 Gunslinging 1 | . 1 . . . . Exploded . | . . . . . . Melee 1 | . . . . . 1 Uniques/NPCs Destroyed . | . . . . . . Combat | -11 -10 -10 -10 -9 -8 -------- Run | Scr Mat Min Exi Min Mat Damage Taken 2288 | . 515 . . 241 1532 Core 632 | . 19 . . 55 558 Absorbed by Shields . | . . . . . . Core Remaining (%) 85 | 100 . . . 70 . Volleys Fired 124 | . 54 2 . 18 50 Largest 2 | . 2 2 . 2 2 Hottest 85 | . 85 85 . 85 70 Shots Fired 224 | . 108 4 . 36 76 Gun 133 | . 108 4 . 20 1 Cannon 91 | . . . . 16 75 Launcher . | . . . . . . Special . | . . . . . . Kinetic 197 | . 85 2 . 34 76 Thermal 27 | . 23 2 . 2 . Explosive . | . . . . . . Electromagnetic . | . . . . . . Robot Hit Streak 15 | . 15 7 . 12 6 Robot Miss Streak 3 | . 3 1 . 2 3 Penetration Max . | . . . . . . Secondary Targets 3 | . 3 . . . . Max Gunslinging Chain 1 | . 1 . . . . Shots Hit Robots 156 | . 78 3 . 25 50 Core Hits 46 | . 24 . . 11 11 Critical Hits 2 | . 1 . . 1 . Critical Kills . | . . . . . . Critical Parts Destroyed 2 | . 1 . . 1 . Melee Attacks . | . . . . . . Impact . | . . . . . . Slashing . | . . . . . . Piercing . | . . . . . . Sneak Attacks . | . . . . . . Combat Hostiles . | . . . . . . Follow-up Attacks . | . . . . . . Damage Inflicted 1947 | . 749 27 . 373 798 Guns 1001 | . 749 27 . 214 11 Cannons 915 | . . . . 159 756 Explosions . | . . . . . . Melee . | . . . . . . Ramming 31 | . . . . . 31 Kinetic 1623 | . 502 13 . 341 767 Thermal 293 | . 247 14 . 32 . Explosive . | . . . . . . Electromagnetic . | . . . . . . Impact . | . . . . . . Slashing . | . . . . . . Piercing . | . . . . . . Highest Corruption 5 | . . . . . 5 Average Corruption 3 | . . . . . 3 Corruption Purged . | . . . . . . Effects 2 | . . . . . 2 Message Errors 1 | . . . . . 1 Heat Flow Errors 1 | . . . . . 1 Overload Shots . | . . . . . . Overflow Damage 13 | . . . . . 13 Projectiles 13 | . . . . . 13 Explosions . | . . . . . . Melee . | . . . . . . Knockbacks 19 | . . . . 2 17 Impact . | . . . . . . Kinetic 16 | . . . . 2 14 Secondary 3 | . . . . . 3 Self-Inflicted Damage 14 | . . . . . 14 Shots . | . . . . . . Rammed 4 | . . . . . 4 Targets Rammed 4 | . . . . . 4 Kicked . | . . . . . . Crushed . | . . . . . . Highest Temperature 336 | . 336 . . 6 168 Average Temperature 94 | . 99 . . 4 90 Received Heat Transfer 726 | . 219 . . 84 423 Effects 3 | . 3 . . . . Interference 3 | . 3 . . . . Siege Activations . | . . . . . . Robots Corrupted . | . . . . . . Combat Hostiles . | . . . . . . Parts Fried . | . . . . . . Impact Corruptions . | . . . . . . Robots Melted . | . . . . . . Combat Hostiles . | . . . . . . Parts Melted 1 | . 1 . . . . Heat Transferred 681 | . 570 37 . 74 . Parts Sabotaged . | . . . . . . Parts Stolen . | . . . . . . Parts Stripped . | . . . . . . Power Chain Reactions . | . . . . . . Missiles Intercepted . | . . . . . . Alert | -11 -10 -10 -10 -9 -8 ------- Run | Scr Mat Min Exi Min Mat Peak Influence 326 | . 326 31 . 130 100 Average Influence 96 | . 135 31 . 70 66 Maximum Alert Level 1 | . 1 . . . . Low Security (%) 90 | 100 79 100 . 100 100 Level 1 9 | . 20 . . . . Level 2 . | . . . . . . Level 3 . | . . . . . . Level 4 . | . . . . . . Level 5 . | . . . . . . High Security . | . . . . . . Max Security . | . . . . . . Squads Dispatched 4 | . 3 . . . 1 Investigation 2 | . 2 . . . . Extermination . | . . . . . . Reinforcement 2 | . 1 . . . 1 Assault . | . . . . . . Garrison . | . . . . . . Intercept . | . . . . . . Construction Impeded . | . . . . . . Haulers Reinforced . | . . . . . . Stealth | -11 -10 -10 -10 -9 -8 --------- Run | Scr Mat Min Exi Min Mat Distress Signals 1 | . 1 . . . . Communications Jammed . | . . . . . . Distress Signals . | . . . . . . Times Spotted 39 | . 22 . . 6 11 Peak Tracking Total 6 | . 6 . . 3 5 Tactical Retreats 3 | . 1 . . 1 1 Traps | -11 -10 -10 -10 -9 -8 ------- Run | Scr Mat Min Exi Min Mat Traps Triggered 4 | . 2 . . . 2 Indirectly . | . . . . . . Trap Hack Attempts . | . . . . . . Triggered . | . . . . . . Disarmed . | . . . . . . Reprogrammed . | . . . . . . Reused . | . . . . . . Traps Extracted . | . . . . . . Installed . | . . . . . . Triggered . | . . . . . . Machines | -11 -10 -10 -10 -9 -8 ---------- Run | Scr Mat Min Exi Min Mat Machines Disabled . | . . . . . . Max in Single Turn . | . . . . . . Machines Sabotaged . | . . . . . . Garrisons Compromised . | . . . . . . Overloaded Fab Kills . | . . . . . . Fab Network Shutdowns . | . . . . . . Hacking | -11 -10 -10 -10 -9 -8 --------- Run | Scr Mat Min Exi Min Mat Machines Accessed 9 | . 8 . . . 1 Terminals 9 | . 8 . . . 1 Fabricators . | . . . . . . Repair Stations . | . . . . . . Recycling Units . | . . . . . . Scanalyzers . | . . . . . . Garrison Access . | . . . . . . Total Hacks 31 | . 27 . . . 4 Successful 21 | . 17 . . . 4 Failed 10 | . 10 . . . . Catastrophic 1 | . 1 . . . . Database Lockouts . | . . . . . . Manual 27 | . 23 . . . 4 Terminals 31 | . 27 . . . 4 Fabricators . | . . . . . . Repair Stations . | . . . . . . Recycling Units . | . . . . . . Scanalyzers . | . . . . . . Garrison Access . | . . . . . . Terminal Hacks 11 | . 9 . . . 2 Part Schematic 1 | . 1 . . . . Prototype ID Bank 2 | . 2 . . . . Unreport Threat 1 | . 1 . . . . Recall Investigation 1 | . 1 . . . . Hauler Manifests 3 | . 2 . . . 1 Registered Components 1 | . 1 . . . . Zone Layout 2 | . 1 . . . 1 Fabricator Hacks . | . . . . . . Repair Station Hacks . | . . . . . . Recycling Unit Hacks . | . . . . . . Scanalyzer . | . . . . . . Garrison Access Hacks . | . . . . . . Unauthorized Hacks 22 | . 18 . . . 4 Terminals 10 | . 8 . . . 2 Track 4 | . 3 . . . 1 Botnet 6 | . 5 . . . 1 Fabricators . | . . . . . . Repair Stations . | . . . . . . Recycling Units . | . . . . . . Scanalyzers . | . . . . . . Garrison Access . | . . . . . . Data Cores Recovered . | . . . . . . Used . | . . . . . . Hacking Detections 8 | . 8 . . . . Full Trace Events 1 | . 1 . . . . Feedback Events . | . . . . . . Feedback Blocked . | . . . . . . Robot Schematics Acquired . | . . . . . . Robots Built . | . . . . . . Matter . | . . . . . . Time . | . . . . . . Total Robot Build Rating . | . . . . . . Part Schematics Acquired 1 | . 1 . . . . Parts Built . | . . . . . . Matter . | . . . . . . Time . | . . . . . . Total Part Build Rating . | . . . . . . Parts Repaired . | . . . . . . Time . | . . . . . . Parts Recycled . | . . . . . . Recycled Matter . | . . . . . . Retrieved Matter . | . . . . . . Retrieved Components . | . . . . . . Parts Scanalyzed . | . . . . . . Part Schematics Acquired . | . . . . . . Parts Damaged . | . . . . . . Bothacking | -11 -10 -10 -10 -9 -8 ------------ Run | Scr Mat Min Exi Min Mat Used RIF Installer . | . . . . . . Robots Hacked . | . . . . . . Non-combat . | . . . . . . Combat . | . . . . . . Robot Hacks Applied . | . . . . . . Relay Couplers Released . | . . . . . . Robots Rewired . | . . . . . . Allies Hacked . | . . . . . . Hacks Repelled . | . . . . . . Allies | -11 -10 -10 -10 -9 -8 -------- Run | Scr Mat Min Exi Min Mat Total Allies . | . . . . . . Largest Group . | . . . . . . Highest-Rated Group . | . . . . . . Highest-Rated Ally . | . . . . . . Total Orders . | . . . . . . Ally Attacks . | . . . . . . Total Damage . | . . . . . . Kills . | . . . . . . Allies Corrupted . | . . . . . . Allies Melted . | . . . . . . Intel | -11 -10 -10 -10 -9 -8 ------- Run | Scr Mat Min Exi Min Mat Robot Analysis Total . | . . . . . . Derelict Logs Recovered 2 | . . . . 2 . Drone Launches . | . . . . . . Drone Recoveries . | . . . . . . Exploration | -11 -10 -10 -10 -9 -8 ------------- Run | Scr Mat Min Exi Min Mat Turns Passed 1700 | 45 748 99 162 327 319 Spaces Moved 1104 | 34 509 94 149 211 107 Core 5 | 3 . . . . 2 Treads 6 | . . . . 3 3 Legs . | . . . . . . Wheels 1093 | 31 509 94 149 208 102 Hover . | . . . . . . Flight . | . . . . . . Fastest Speed 50 | 50 100 100 100 120 110 Average Speed 108 | 95 101 100 104 121 135 Slowest Speed 1100 | 100 110 100 120 200 1100 Overloaded Moves . | . . . . . . Propulsion Burnouts . | . . . . . . Robots Hopped . | . . . . . . Cave-ins Triggered . | . . . . . . Exploration Rate (%) 40 | 4 92 19 50 64 13 Regions Visited 5 Branch Regions 3 Pre-discovered Areas . | . . . . . . Known Exits Taken . | . . . . . . Unknown Exits Taken 5 | 1 1 1 1 1 . Scrap Searched 3 | . . . . 3 . Spaces Dug . | . . . . . . Terrain Destroyed . | . . . . . . Melee . | . . . . . . Projectile . | . . . . . . AOE . | . . . . . . Actions | -11 -10 -10 -10 -9 -8 --------- Run | Scr Mat Min Exi Min Mat Total 1390 | 43 645 95 157 247 203 Wait 84 | . 49 . 3 6 26 Move 1099 | 33 508 93 148 210 107 Hop . | . . . . . . Pick Up 23 | 4 8 . 2 4 5 Fast Attach 11 | 6 4 . . . 1 Attach 11 | . 1 . . 2 8 Detach . | . . . . . . Swap 15 | . 10 . 1 4 . Drop 19 | . 11 . 3 3 2 Fire 124 | . 54 2 . 18 50 Melee . | . . . . . . Ram 4 | . . . . . 4 Kick . | . . . . . . Crush . | . . . . . . Escape Stasis . | . . . . . . Rewire . | . . . . . . Trap . | . . . . . . Miscellaneous . | . . . . . . Route ------- -11/Scrapyard -10/Materials (discovered 5 exits: [*Mat x3] / [*Min x2]) -10/Mines -10/Exiles -9/Mines -8/Materials History --------- Turn | Location | Event 31 | -11/Scrapyard | Discovered new exit (range 15) 46 | -11/Scrapyard | Entered Materials 244 | -10/Materials | Discovered new exit (range 10) 276 | -10/Materials | Discovered new exit (range 6) 309 | -10/Materials | Build established: Mutant 323 | -10/Materials | Discovered new exit (range 13) 579 | -10/Materials | Discovered new exit (range 15) 700 | -10/Materials | Discovered new exit (range 5) 794 | -10/Materials | Entered Mines 889 | -10/Mines | Deemed a non-threat by the Exiles lab entrance 889 | -10/Mines | Discovered new exit (range 5) 893 | -10/Mines | Entered Exiles 919 | -10/Exiles | Met 8R-AWN 937 | -10/Exiles | Met EX-HEX 975 | -10/Exiles | Met EX-DEC 1044 | -10/Exiles | Discovered new exit (range 10) 1055 | -10/Exiles | Entered Mines 1108 | -9/Mines | Learned Materials garrison access intel 1376 | -9/Mines | Discovered new exit (range 6) 1382 | -9/Mines | Entered Materials 1382 | -8/Materials | Evolved 4 slots: Propulsion x1, Utility x3 1383 | -8/Materials | Loaded intel: 1 garrison access location 1584 | -8/Materials | Lost 4 parts (2n1u1w) 1666 | -8/Materials | Core integrity fell below 50% 1671 | -8/Materials | Lost 4 parts (1p2u1w) 1696 | -8/Materials | Core integrity fell below 20% 1701 | -8/Materials | Destroyed by G-47 Trooper with Particle Gun Last Messages --------------- 01640_ Imp. Heat Sink destroyed. 01652_ K-01 Serf collects debris. 01674_ Triggered EMP Trap. 01674_ A bubble of electromagnetic force engulfs the area. 01674_ Heat Sink destroyed. 01674_ Wheel destroyed. 01675_ Triggered EMP Trap. 01675_ A bubble of electromagnetic force engulfs the area. 01675_ T-07 Excavator destroyed. 01675_ EMP Trap short circuited. 01675_ A bubble of electromagnetic force engulfs the area. 01675_ EMP Trap short circuited. 01675_ A bubble of electromagnetic force engulfs the area. 01675_ EMP Trap short circuited. 01675_ Com. Wheel destroyed. 01675_ A bubble of electromagnetic force engulfs the area. 01686_ System corrupted: Heat flow error (+199). 01691_ R-06 Scavenger collects Wheel. 01692_ K-01 Serf collects debris. 01698_ Slammed into G-47 Trooper. Map ----- +----------------------------------------------------+ | ????????# #### #???????? | | ?????????????????# #???????? | | ?????????????????# #####+########+#####??????? | | ?????????????????# ## = ## ! #??????? | | ?????????????????# ## * ## #??????? | | ?????????????????# ## ## ""#??????? | | ?????????????????# ## ## T"#??????? | | ?????????????????# ## k ## ""#??????? | | ?????????????????# ## ## #??????? | | ?????????????????# ## k #########??????? | | ?????????????????# ## #??????????????? | | ?????????????????# ############??????????????? | | ?????????????????# #?????????????????????????? | | ?????????????????# #?????????????????????????? | | ?????????????????# #?????????????????????????? | | ?????????????????# #?######??????????????????? | | ?????????????????# #? #??????????????????? | | ?????????????????# # #??????????????????? | | ?????????????????# # #??????????????????? | | ?????????????????# + #??????????????????? | | ?????????????????# # #??????????????????? | | ?????????????????# # #??????????????????? | | ????????????????## ######+#??????????????????? | | ????????????????# ##### ##?????????????????? | | ????????????????# r l #?????????????????? | | ????????????????# T g@ #?????????????????? | | ????????????????# gg ??????????? | | ????????????????# ! #### #??????? | | ????????????????#######??# ???????? | | ?????????????????????????# ???????? | | ?????????????????????????# ????????? | | ?????????????????????????# ???????? | | ????????????????????????? ????????? | | ????????????????????????? ????????? | | ????????????????????????? ?????????? | | ????????????????????????? ?????????? | | ????????????????????????? ??????????? | | ????????????????????????? ????????????? | | ?????????????????????????# ??????????????? | | ??????????????????????????+###?????????????????? | | ???????????????????????????????????????????????? | | ???????????????????????????????????????????????? | | ???????????????????????????????????????????????? | | ???????????????????????????????????????????????? | | ???????????????????????????????????????????????? | | ???????????????????????????????????????????????? | | ???????????????????????????????????????????????? | | ???????????????????????????????????????????????? | | ???????????????????????????????????????????????? | | ???????????????????????????????????????????????? | +----------------------------------------------------+ Best States ------------- Heat Dissipation 65 Energy Generation 14 Energy Capacity 265 Matter Stores 300 Matter Capacity 300 Sight Range 16 Terrain Scan Density 10 Armor Coverage 150 Evasion (%) 40 Targeting Accuracy 5 Recoil Reduction 1 Item Schematics ----------------- Hcp. Storage Unit | -10/Materials | Hacked Robot Schematics ------------------ None Fabricated ------------ Nothing Alien Tech Used ----------------- None Achievements -------------- None Challenges ------------ None Game ------ Seed ReactiveShadingExpander Manual? 0 Play Time 00:13:17 Cumulative 590.7 hours Start 2019.12.23 @ 06:53:04 End 2019.12.23 @ 07:06:28 Sessions 1 Manual Loads 0 Difficulty Rogue Special Mode None Game No. 521 Rogue 481 Adventurer 40 Explorer 0 Win Type - Total 38 Types 24/0/12/2/0/0/0 Lore% 84 Gallery% 89 Achievement% 69 Wizard Run 0 Options --------- ASCII 0 Keyboard 0 Movement Numpad Keybinds 0 Fullscreen 0 Font 16/Terminus Map View 76x50 Tactical HUD 1 Map Filters NONE Filters NONE Steam 1 RUN: fd4119c8-3edd-4d24-8a50-ffb2c11260c6